 Dungeon Crawl Stone Soup version 0.28-a0-1510-gd0f6b136d3 (webtiles) character file.

Game seed: 14104613221154445951

780 tatocazan the Spear-Bearer (level 7, -4/55 HPs)
             Began as a Merfolk Gladiator on Jan 16, 2022.
             Was an Initiate of Hepliaklqana.
             Shot with an arrow by a centaur (13 damage)
             ... on level 5 of the Dungeon.
             The game lasted 00:06:41 (4858 turns).

tatocazan the Spear-Bearer (Merfolk Gladiator)      Turns: 4858, Time: 00:06:41

Health: -4/55      AC:  7    Str: 16    XL:     7   Next: 85%
Magic:  8/8        EV: 14    Int:  7    God:    Hepliaklqana [......]
Gold:   203        SH:  5    Dex: 16    Spells: 6/6 levels left

rFire   . . .      SeeInvis .   l - +1 scythe
rCold   . . .      Faith    .   (shield currently unavailable)
rNeg    . . .      Spirit   .   e - +0 ring mail
rPois   .          Reflect  +   c - +0 helmet
rElec   .          Harm     .   (no cloak)
rCorr   .          Rampage  .   (no gloves)
Will    .....                   o - +0 pair of boots
Stlth   +.........              v - amulet of reflection
HPRegen 0.18/turn               (no ring)
MPRegen 0.11/turn               (no ring)

@: no status effects
A: (nimble swimmer 2), mertail
a: Renounce Religion


You were on level 5 of the Dungeon.
You worshipped Hepliaklqana.
Hepliaklqana was noncommittal.
You visited 2 branches of the dungeon, and saw 6 of its levels.

You collected 203 gold pieces.

Inventory:

Hand Weapons
 a - a +0 trident
 l - a +1 scythe (weapon)
Missiles
 d - 3 throwing nets (quivered)
Armour
 b - a +0 leather armour
 c - a +0 helmet (worn)
 e - a +0 ring mail (worn)
 h - a +0 helmet
 o - a +0 pair of boots (worn)
Jewellery
 i - a ring of positive energy
 v - an amulet of reflection (around neck)
Wands
 u - a wand of acid (1)
Scrolls
 f - a scroll of vulnerability {unknown}
 j - a scroll of magic mapping {unknown}
 m - a scroll of acquirement {unknown}
Potions
 g - a potion of attraction
 k - a potion of curing
 n - a potion of might {unknown}
 p - 2 potions of cancellation
 r - a potion of mutation {unknown}


   Skills:
 + Level 4.9 Fighting
 * Level 9.4 Polearms
 - Level 2.0 Throwing
 + Level 6.7 Dodging
 + Level 1.6 Invocations


You had 6 spell levels left.
You didn't know any spells.
Your spell library contained the following spells:

 Spells                   Type           Power      Damage    Failure   Level
 Scorch                   Fire           0%         2d5       80%         2
 Ignite Poison            Fire/Tmut/Pois 0%         N/A       95%         3
 Flame Wave               Conj/Fire      0%         2d4       100%        4
 Hailstorm                Conj/Ice       0%         3d3       100%        4
 Ice Form                 Ice/Tmut       0%         N/A       100%        4
 Simulacrum               Ice/Necr       0%         N/A       100%        6


Dungeon Overview and Level Annotations

Branches:
Dungeon (5/15)             Temple (1/1) D:4

Altars:
Ashenzari
Cheibriados
Dithmenos
Fedhas
Hepliaklqana
Kikubaaqudgha
Makhleb
Nemelex Xobeh
Sif Muna
Trog
Uskayaw
Vehumet
Wu Jian
Xom
Yredelemnul
Zin

Annotations:
D:4 Dowan, Duvessa
D:5 Pikel


Innate Abilities, Weirdness & Mutations

((You are very nimble when in or above water. (Stealth+, EV+, Speed+++)))
Your lower body shifts to a powerful aquatic tail in water.


Message History

A lemure is nearby!
A lemure is nearby!
A lemure comes into view.
Pikel, Merchant of Souls comes into view.
He is wielding a +1 whip of freezing.
A lemure comes into view.
Pikel shouts!
The lemure shouts!
You hear a shout!
A centaur comes into view.
You reach to attack!
You barely miss the lemure.
You see here a quokka corpse.
The lemure misses you. The lemure barely misses you.
Reach: l) +1 scythe
Press: ? - help, Dir - move target, f - centaur, p - lemure
Aim: a centaur, quivering arrows (about 29% to evade your +1 scythe)
The lemure is in the way.
You slash the lemure!
The lemure is heavily wounded.
The lemure hits you. You block the lemure's attack.
You block the centaur's attack. The centaur barely misses you.
You take 1 damage, and have 54/55 hp.
You closely miss the centaur. The centaur hits you. The centaur misses you.
The lemure hits you. The lemure hits you! The centaur hits you.
You block the centaur's attack. The lemure closely misses you.
You block the lemure's attack.
You take 22 damage, and have 32/55 hp.
MASSIVE DAMAGE!!
The centaur hits you.
The centaur kicks you but does no damage.
The jelly jiggles.
The lemure hits you. The centaur barely misses you.
The centaur closely misses you.
You take 10 damage, and have 22/55 hp.
You block the centaur's attack. The centaur misses you.
The centaur wields a +0 shortbow.
The centaur shoots an arrow.
The arrow hits you!
* * * LOW HITPOINT WARNING * * *
You take 7 damage, and have 15/55 hp.
The centaur shoots an arrow.
The arrow hits you!
* * * LOW HITPOINT WARNING * * *
You take 12 damage, and have 3/55 hp.
MASSIVE DAMAGE!!
You feel better.
The centaur shoots an arrow.
The arrow hits you!
You die...

................# ##.....##
................# #....#..#
.=..............# ###5.####.#
...............#####.K.## .#
..)..................5..# .#
...........#####.(5.##.......
##.....## ###cJ### ####..#
###... ##..5.# #... #..@.##
#... #..### #.. #.< ....
..... ....#.# ....#. ### #.


You could see Pikel, 4 lemures, a centaur and a jelly.

Vanquished Creatures
  Sigmund (D:2)
  An ogre (D:4)
  2 scorpions (D:5)
  A hound (D:5)
  A jelly (D:5)
  3 orc priests
  An iguana (D:4)
  2 orc wizards (D:4)
  Ijyb (D:4)
  Natasha (D:3)
  2 hound skeletons (D:4)
  Robin (D:2)
  An adder (D:4)
  An ufetubus (D:5)
  An adder skeleton (D:4)
  2 worms
  2 dart slugs
  7 orcs
  6 ball pythons
  6 endoplasms
  2 giant cockroaches (D:1)
  16 goblins
  11 hobgoblins
  4 jackals
  6 quokkas
  3 bats
  2 frilled lizards
  3 kobolds
  5 rats
95 creatures vanquished.

Notes
Turn   | Place    | Note
-------+----------+-------------------------------------------
     0 | D:1      | tatocazan the Merfolk Gladiator began the quest for the
                  | Orb.
     0 | D:1      | Reached XP level 1. HP: 16/16 MP: 1/1
   375 | D:1      | Reached XP level 2. HP: 23/23 MP: 2/2
   459 | D:1      | Got the Compendium of the Blaze
   493 | D:1      | Reached skill level 5 in Polearms
   592 | D:1      | Found a faded altar of an unknown god.
   757 | D:1      | Reached XP level 3. HP: 28/28 MP: 3/3
   949 | D:2      | Noticed Robin
   992 | D:2      | Killed Robin
  1223 | D:2      | Noticed Sigmund
  1326 | D:2      | Reached XP level 4. HP: 35/35 MP: 4/4
  1410 | D:2      | Found a broken altar of Ashenzari.
  1447 | D:2      | Killed Sigmund
  1448 | D:2      | Reached skill level 7 in Polearms
  1448 | D:2      | Reached skill level 5 in Dodging
  1448 | D:2      | Reached XP level 5. HP: 21/42 MP: 5/5
  1911 | D:3      | Reached XP level 6. HP: 48/48 MP: 6/6
  2031 | D:3      | Found a blossoming altar of Fedhas.
  2444 | D:3      | Noticed Natasha
  2589 | D:3      | Killed Natasha
  2704 | D:4      | Noticed Ijyb
  2711 | D:4      | Killed Ijyb
  2936 | D:4      | Noticed Dowan
  2936 | D:4      | Noticed Duvessa
  3237 | D:3      | Reached skill level 8 in Polearms
  3578 | D:4      | Reached XP level 7. HP: 53/55 MP: 7/7
  3605 | D:4      | Found a staircase to the Ecumenical Temple.
  3618 | Temple   | Entered the Ecumenical Temple
  3630 | Temple   | Became a worshipper of Hepliaklqana the Forgotten
  4072 | D:5      | Entered Level 5 of the Dungeon
  4314 | D:5      | Reached skill level 9 in Polearms
  4314 | D:5      | Reached skill level 1 in Invocations
  4838 | D:5      | Noticed Pikel
  4858 | D:5      | Shot with an arrow by a centaur

Illustrated notes

Levels and vault maps discovered:
D:1:      dpeg_arrival_arbitrary_a, layout_rooms,
          hellmonk_ecumenical_altar_slurped_away
D:2:      layout_basic, basic_altar, uniq_sigmund, uniq_robin
D:3:      layout_basic, mainiacjoe_overflow_alcove_2, uniq_natasha
D:4:      layout_basic, minmay_temple_entry_sparse_star, uniq_ijyb, uniq_duvessa
D:5:      layout_rooms, kennysheep_mini, grunt_ministairs_7, skrybe_limestone_x,
          uniq_pikel
Temple:   nicolae_temple_no_exploring_needed

Skill      XL: |  1  2  3  4  5  6  7 |
---------------+----------------------+-----
Polearms       | 5 7 8 9 |  9.4
Fighting       | 3 4 |  4.9
Dodging        | 5 6 |  6.7
Invocations    | 1 |  1.6
Throwing       | |  2.0

Action                   |  1- 3 |  4- 6 |  7- 9 || total
-------------------------+-------+-------+-------++-------
Melee: Trident           |   113 |    21 |       ||   134
       Punch             |     1 |       |       ||     1
       Scythe            |       |    92 |    85 ||   177
       Unarmed           |       |     2 |       ||     2
  Use: Potion            |       |     1 |     2 ||     3
       Scroll            |       |     8 |       ||     8
Armor: Ring mail         |    27 |    29 |    58 ||   114
       Leather armour    |     1 |       |       ||     1
       Skin              |       |     6 |       ||     6
Dodge: Dodged            |    58 |    73 |   113 ||   244
Block: Other             |       |     7 |    42 ||    49
       Reflection        |       |     2 |       ||     2

Table legend: (Time is in decaauts)
 A = Elapsed time spent in this place.
 B = Non-inter-level travel time spent in this place.
 C = Inter-level travel time spent in this place.
 D = Time resting spent in this place.
 E = Time spent auto-exploring this place.
 F = Levels seen in this place.
 G = Mean time per level.
                   A        B        C        D        E       F      G
               +--------+--------+--------+--------+--------+-----+--------+
         Total |   4970 |   4770 |    200 |   2069 |   1880 |   6 |  828.3 |
       Dungeon |   4946 |   4746 |    200 |   2069 |   1880 |   5 |  989.2 |
        Temple |     24 |     24 |      0 |      0 |      0 |   1 |   24.0 |
               +--------+--------+--------+--------+--------+-----+--------+

Top non-repeatable levels by time:
     D:3: 1443 daAuts
     D:4: 1178 daAuts
     D:1: 1170 daAuts
     D:2: 818 daAuts
     D:5: 334 daAuts
  Temple: 24 daAuts
